 Dungeon Crawl Stone Soup version 0.30-a0-358-g0d69a1922f (webtiles) character file.

Game seed: 7002584914053854768

11267 p00ps00p the Cleaver (level 11, -4/102 HPs)
             Began as a Hill Orc Fighter on Nov 8, 2022.
             Was an Initiate of Gozag.
             Slain by a skeletal warrior
             ... wielding a +0 dire flail
              (9 damage)
             ... on level 10 of the Dungeon on Nov 9, 2022.
             The game lasted 00:33:39 (13424 turns).

p00ps00p the Cleaver (Hill Orc Fighter)            Turns: 13424, Time: 00:33:39

Health: -4/102     AC: 19    Str: 24    XL:     11   Next: 75%
Magic:  11/11      EV: 14    Int:  8    God:    Gozag
Gold:   257        SH: 11    Dex: 10    Spells: 10/10 levels left

rFire   + . .      SeeInvis .    a - +1 war axe (spect)
rCold   . . .      Faith    .    c - +0 buckler
rNeg    . . .      Spirit   .    z - +4 ring mail {rF+}
rPois   .          Reflect  +    v - +1 hat
rElec   .          Harm     .    C - scarf {repulsion}
rCorr   .          Rampage  .    I - +2 pair of gloves
Will    .....                    (no boots)
Stlth   ..........               y - amulet of reflection
HPRegen 0.37/turn                b - +4 ring of evasion
MPRegen 0.12/turn                l - +4 ring of protection

@: repel missiles
A: no striking features
a: Renounce Religion, Potion Petition, Call Merchant, Bribe Branch


You were on level 10 of the Dungeon.
You worshipped Gozag.
Gozag was aware of your devotion.
You visited 2 branches of the dungeon, and saw 12 of its levels.

You collected 1230 gold pieces.
You spent 770 gold pieces at shops.
You paid 203 gold pieces to Gozag.

Inventory:

Hand Weapons
 a - a +1 spectral war axe (weapon)
 t - a +2 hand axe
 E - the +6 falchion of the Riding Gods {spect, rN+ Will+ Str-2}
   (You found it on level 7 of the Dungeon)

   When its wielder attacks, the weapon's spirit leaps out and strikes again.
   The spirit shares a part of any damage it takes with its wielder.
   Str:       It affects your strength (-2).
   rN:        It protects you from negative energy.
   Will:      It increases your willpower.
Missiles
 i - 3 throwing nets (quivered)
 k - 17 poisoned darts
 G - a silver boomerang
Armour
 c - a +0 buckler (worn)
 o - a +0 chain mail of willpower
 v - a +1 hat (worn)
 z - a +4 ring mail of fire resistance (worn)
 C - a scarf of repulsion (worn)
 F - a +3 ring mail of cold resistance
 I - a +2 pair of gloves (worn)
Jewellery
 b - a +4 ring of evasion (left hand)
 e - a ring of poison resistance
 l - a +4 ring of protection (right hand)
 y - an amulet of reflection (around neck)
 A - a ring of flight
Wands
 d - a wand of digging (2)
 m - a wand of charming (4)
 n - a wand of flame (8)
Scrolls
 h - a scroll of vulnerability
 p - 3 scrolls of magic mapping
 x - 2 scrolls of fear
 H - a scroll of identify
Potions
 j - a potion of brilliance
 q - 6 potions of mutation
 r - 3 potions of flight
 s - 2 potions of resistance
 u - a potion of lignification
 w - a potion of attraction


   Skills:
 + Level 11.5 Fighting
 + Level 12.2 Axes
 + Level 10.7 Armour
 + Level 10.6 Shields


You had 10 spell levels left.
You didn't know any spells.
Your spell library contained the following spells:

 Spells                   Type           Power      Damage    Failure   Level
 Apportation              Tloc           0%         N/A       58%         1
 Magic Dart               Conj           0%         1d3       58%         1
 Sandblast                Erth           0%         2d4       58%         1
 Blink                    Tloc           0%         N/A       75%         2
 Momentum Strike          Conj/Tloc      0%         3d8       75%         2
 Passwall                 Tmut/Erth      0%         N/A       75%         2
 Searing Ray              Conj           0%         2d4       75%         2
 Lesser Beckoning         Tloc           0%         N/A       92%         3
 Stone Arrow              Conj/Erth      0%         3d7       92%         3
 Fulminant Prism          Conj/Hex       0%         3d5       100%        4


Dungeon Overview and Level Annotations

Branches:
Dungeon (11/15)            Temple (1/1) D:7            Lair (0/5) D:8
    Orc (0/2) D:10

Altars:
Ashenzari
Cheibriados
Dithmenos
Elyvilon
Fedhas
Gozag
Hepliaklqana
Kikubaaqudgha
Makhleb
Nemelex Xobeh
Okawaru
Qazlal
Ru
Sif Muna
Trog
Uskayaw
Vehumet
Wu Jian
Xom
Yredelemnul
Zin
The Shining One

Shops:
D:3 =!*[=

Annotations:
D:8 2 transporters, Zonian's ghost, novice DjIE


Message History

The skeletal warrior hits your +1 spectral war axe with a +0 dire flail.
Your spectral weapon shares its damage with you!
You catch the helpless skeletal warrior completely off-guard!
You hit the skeletal warrior.
The skeletal warrior is severely damaged.
Your +1 spectral war axe hits the skeletal warrior.
Your +1 spectral war axe barely misses the skeletal warrior.
The skeletal warrior hits your +1 spectral war axe with a +0 broad axe.
Your spectral weapon shares its damage with you!
Your +1 spectral war axe fades away.
The skeletal warrior hits you with a +0 dire flail!!
* * * LOW HITPOINT WARNING * * *
The skeletal warrior attacks as you move away!
The skeletal warrior hits you but does no damage.
There is an open door here.
You see here a +0 long sword.
The skeletal warrior attacks as you move away!
You block the skeletal warrior's attack.
The skeletal warrior attacks as you move away!
The skeletal warrior closely misses you.
The skeletal warrior attacks as you move away!
The skeletal warrior barely misses you.
The skeletal warrior attacks as you move away!
The skeletal warrior hits you with a +0 dire flail.
* * * LOW HITPOINT WARNING * * *
The skeletal warrior attacks as you move away!
The skeletal warrior closely misses you.
The skeletal warrior attacks as you move away!
You block the skeletal warrior's attack.
The skeletal warrior attacks as you move away!
You block the skeletal warrior's attack.
The skeletal warrior attacks as you move away!
The skeletal warrior hits you with a +0 dire flail!
* * * LOW HITPOINT WARNING * * *
The skeletal warrior attacks as you move away!
You block the skeletal warrior's attack.
There is a stone staircase leading down here.
The skeletal warrior hits you with a +0 dire flail!
You die...
Your body crumbles into a pile of gold.

###.### #.>.# #.... #..<# ##...##
##### ###.# ####)###'#### ####...
#####'#######.[)#####...# #......
#...........'.8)).[[).8.###......
#...)......##..)#####.....'......
#.........############.##.#......
#.........#..##.........#.#......
#.........#.###.@.......#.#......
#.........'.# #.z.........##'####
#.........### #.z.......####.###
####'###### ##.######## #...##
#.## #..# ###..# #..## ##.# ##..
##..# #.# ####### ##.# #.#
#...... #.# #.# #......


You could see 2 skeletal warriors.

Vanquished Creatures
  Harold (D:9)
  A two-headed ogre (D:9)
  A death yak (D:8)
  Amaemon (D:8)
  3 skeletal warriors
  An elephant (D:8)
  Maggie (D:10)
  An orange demon (D:8)
  Prince Ribbit (D:8)
  Grinder (D:4)
  Sigmund (D:3)
  2 wraiths
  9 yaks
  A shadow (D:11)
  Eustachio (D:4)
  An acid dragon (D:8)
  Duvessa (D:7)
  A sky beast (D:8)
  4 black bears
  An orc warrior (D:8)
  An ogre (D:5)
  2 centaurs
  Blork the orc (D:6)
  A phantom (D:5)
  A necrophage (D:6)
  4 bullfrogs (D:8)
  2 gnoll sergeants (D:6)
  4 scorpions
  2 wights (D:6)
  Dowan (D:7)
  16 killer bees
  8 howler monkeys
  A hound (D:5)
  A gnoll bouda (D:6)
  6 orc priests
  3 jellies
  Jessica (D:2)
  2 iguanas
  9 orc wizards
  Robin (D:3)
  10 gnolls
  9 adders
  A shadow imp (D:6)
  2 white imps
  2 ufetubi
  A worm (D:2)
  3 dart slugs
  51 orcs
  A bat zombie (D:6)
  3 endoplasms (D:3)
  4 giant cockroaches
  20 goblins
  5 hobgoblins
  6 jackals
  2 ball pythons
  4 bats
  4 frilled lizards
  9 kobolds
  8 rats
246 creatures vanquished.

Vanquished Creatures (others)
  3 toadstools (D:2)
3 creatures vanquished.

Grand Total: 249 creatures vanquished

Notes
Turn   | Place    | Note
-------+----------+-------------------------------------------
     0 | D:1      | p00ps00p the Hill Orc Fighter began the quest for the Orb.
     0 | D:1      | Reached XP level 1. HP: 19/19 MP: 1/1
    81 | D:1      | Found a faded altar of an unknown god.
   342 | D:1      | Reached XP level 2. HP: 27/27 MP: 2/2
   348 | D:1      | Reached skill level 3 in Axes
   628 | D:1      | Reached XP level 3. HP: 33/33 MP: 3/3
  1036 | D:2      | Noticed Jessica
  1053 | D:2      | Killed Jessica
  1054 | D:2      | Reached XP level 4. HP: 36/40 MP: 4/4
  1699 | D:3      | Found Utez's Jewellery Emporium.
  2182 | D:3      | Found Areoddim's Antique Armour Shop.
  2217 | D:3      | Found Iruqugaf's General Store.
  2298 | D:3      | Found Jeeweadi's Distillery.
  2311 | D:3      | Noticed Robin
  2320 | D:3      | Killed Robin
  2321 | D:3      | Reached skill level 4 in Axes
  2321 | D:3      | Reached XP level 5. HP: 40/47 MP: 5/5
  2323 | D:3      | Found a shimmering blue altar of Sif Muna.
  2347 | D:3      | Got Sif Muna's Catalogue of Coordinates
  2370 | D:3      | Found Cenniu's Jewellery Shop.
  2380 | D:3      | Noticed Sigmund
  2407 | D:3      | Killed Sigmund
  2408 | D:3      | Reached skill level 5 in Fighting
  2408 | D:3      | Reached XP level 6. HP: 38/56 MP: 6/6
  2559 | D:3      | Found a bloodstained altar of Trog.
  3201 | D:4      | You fall into a shaft and drop 2 floors!
  3203 | D:6      | Noticed a black bear
  3209 | D:6      | Killed a black bear
  3210 | D:6      | Reached skill level 5 in Axes
  3210 | D:6      | Reached skill level 5 in Armour
  3210 | D:6      | Reached skill level 5 in Shields
  3211 | D:6      | Found a radiant altar of Vehumet.
  3237 | D:6      | Reached XP level 7. HP: 52/60 MP: 7/7
  3242 | D:6      | Noticed Blork the orc
  3258 | D:6      | Killed Blork the orc
  3259 | D:6      | Reached skill level 6 in Axes
  3321 | D:5      | Entered Level 5 of the Dungeon
  3375 | D:5      | Reached XP level 8. HP: 25/71 MP: 8/8
  3503 | D:5      | Found an iron altar of Okawaru.
  4173 | D:4      | Noticed Eustachio
  4177 | D:4      | Noticed Grinder
  4179 | D:4      | Paralysed by Grinder for 2 turns
  4191 | D:4      | Paralysed by Grinder for 3 turns
  4196 | D:4      | Killed Grinder
  4197 | D:4      | Reached skill level 7 in Axes
  4210 | D:4      | Killed Eustachio
  4793 | D:5      | Reached XP level 9. HP: 70/79 MP: 9/9
  5197 | D:6      | Reached skill level 8 in Axes
  5238 | D:6      | Found an ancient bone altar of Kikubaaqudgha.
  5736 | D:7      | Noticed a torpor snail
  5740 | D:7      | Found a snail-covered altar of Cheibriados.
  5740 | D:7      | Noticed a torpor snail
  5740 | D:7      | Noticed a torpor snail
  5753 | D:7      | Noticed Duvessa
  5753 | D:7      | Noticed Dowan
  5768 | D:7      | Killed Duvessa
  5781 | D:7      | Killed Dowan
  5803 | D:7      | Identified the +6 falchion of the Riding Gods {spect, rN+
                  | Will+ Str-2}
  5855 | D:7      | Found a staircase to the Ecumenical Temple.
  6291 | D:8      | Reached skill level 9 in Axes
  6539 | D:8      | Found a transporter.
  6550 | D:8      | Found a transporter.
  6551 | D:8      | Found a bloodstained altar of Trog.
  6551 | D:8      | Noticed a moth of wrath
  6552 | D:8      | Noticed Prince Ribbit
  6552 | D:8      | Noticed Zonian's ghost (novice DjIE)
  6558 | D:8      | Killed Prince Ribbit
  6581 | D:8      | Reached XP level 10. HP: 59/91 MP: 10/10
  6910 | D:8      | Found a sparkling altar of Nemelex Xobeh.
  7088 | D:8      | Noticed an elephant
  7088 | D:8      | Noticed a death yak
  7094 | D:8      | Noticed a two-headed ogre
  7155 | D:8      | Killed a death yak
  7156 | D:8      | Reached skill level 10 in Axes
  7341 | D:8      | Found a staircase to the Lair.
  7358 | D:8      | Killed an elephant
  7508 | D:8      | Noticed an orange demon
  7509 | D:8      | Noticed Amaemon
  7514 | D:8      | Killed an orange demon
  7515 | D:8      | Reached skill level 10 in Fighting
  7537 | D:8      | HP: 4/93 [poisoned by Amaemon]
  7542 | D:8      | HP: 4/93 [poisoned by Amaemon]
  7971 | D:8      | HP: 4/93 [poisoned by Amaemon]
  7973 | D:8      | HP: 1/139 [poisoned by Amaemon]
  7978 | D:8      | HP: 2/208 [poisoned by Amaemon]
  8531 | D:8      | Found a white marble altar of Elyvilon.
  8531 | D:8      | Found a glowing golden altar of the Shining One.
  8531 | D:8      | Found a glowing silver altar of Zin.
  8583 | Temple   | Entered the Ecumenical Temple
  9175 | D:9      | Found a burning altar of Makhleb.
  9233 | D:9      | Noticed Harold
  9249 | D:9      | HP: 1/139 [Harold/+0 hand axe of electrocution (11)]
  9251 | D:9      | Killed Harold
  9706 | D:9      | Noticed a two-headed ogre
  9722 | D:9      | Killed a two-headed ogre
  9723 | D:9      | Reached skill level 11 in Axes
  9723 | D:9      | Reached XP level 11. HP: 40/101 MP: 11/11
 10011 | D:9      | Found a basalt altar of Yredelemnul.
 10011 | D:9      | Found a sacrificial altar of Ru.
 10013 | D:9      | Found a broken altar of Ashenzari.
 10017 | D:9      | Found a shimmering altar of Xom.
 10249 | D:9      | Found an opulent altar of Gozag.
 10257 | D:9      | Became a worshipper of Gozag Ym Sagoz the Greedy
 10408 | D:8      | Killed Amaemon
 10409 | D:8      | Reached skill level 10 in Armour
 10579 | D:3      | Bought a pair of runed gloves for 210 gold pieces
 10793 | D:10     | Entered Level 10 of the Dungeon
 10805 | D:10     | Noticed Maggie
 10813 | D:10     | Killed Maggie
 10814 | D:10     | Reached skill level 10 in Shields
 11103 | D:10     | Found a staircase to the Orcish Mines.
 11480 | D:3      | Bought a +4 ring of evasion for 360 gold pieces
 11480 | D:3      | Bought a ring of poison resistance for 200 gold pieces
 11905 | D:10     | Identified the +7 shortbow "Ofyoth" {flame, rF++}
 12041 | D:10     | Noticed a skeletal warrior
 12414 | D:10     | Noticed a skeletal warrior
 12414 | D:10     | Noticed a skeletal warrior
 12415 | D:10     | Noticed a skeletal warrior
 12415 | D:10     | Noticed a skeletal warrior
 12439 | D:10     | Killed a skeletal warrior
 12747 | D:11     | Killed a skeletal warrior
 12748 | D:11     | Reached skill level 12 in Axes
 13062 | D:11     | Killed a skeletal warrior
 13418 | D:10     | HP: 2/102 [skeletal warrior/+0 dire flail (9)]
 13424 | D:10     | Slain by a skeletal warrior

Illustrated notes

Levels and vault maps discovered:
D:1:      minmay_arrival_four_loops, layout_basic,
          shapermc_ecumenical_altar_petra, chequers_serial_rivers_micro_c,
          minivault_24
D:2:      layout_basic, minmay_gold_behind_fungi, uniq_jessica
D:3:      layout_loops_ring, nzn_overflow_gifts_of_might_and_magic,
          serial_shops, shop, nicolae_shop_crystal, nicolae_shop_behind_doors,
          shop, shop, uniq_sigmund, uniq_robin
D:4:      layout_basic, patterned_corridor, uniq_eustachio, uniq_grinder
D:5:      layout_cave_pools, okawaru_trees_1, minmay_misc_feat_four_crosses
D:6:      layout_cave_pools, nicolae_vehumet_radiance,
          lemuel_zombie_altar_kikubaaqudgha, minmay_misc_feat_encased,
          sword_in_stone
D:7:      layout_cave_pools, cheibriados_altar_2,
          minmay_temple_entry_from_below_a, kennysheep_minor_cross, uniq_duvessa
D:8:      layout_loops_cross, good_gods_mini_temple, kennysheep_mini,
          david_lair_generic, gammafunk_ghost_wrathful_warriors, uniq_amaemon,
          uniq_prince_ribbit1
D:9:      layout_basic, minitemple,
          nicolae_gozag_cash_rules_everything_around_me, amcnicky_altar_gilded,
          chequers_jeans, uniq_harold
D:10:     layout_roguey, hiddenorc2_lemuel, uniq_maggie
D:11:     layout_basic, nicolae_alphabet_shops, uniq_grum
Temple:   nicolae_temple_two_arcs

Skill      XL: |  1  2  3  4  5  6  7  8  9 10 11 |
---------------+----------------------------------+-----
Axes           | 3 4 5 6 7 9 11 12 | 12.2
Fighting       | 4 5 6 7 9 10 11 | 11.5
Armour         | 4 5 6 8 9 10 | 10.7
Shields        | 4 5 6 8 9 10 | 10.6

Action                   |  1- 3 |  4- 6 |  7- 9 | 10-12 || total
-------------------------+-------+-------+-------+-------++-------
Melee: War axe           |    55 |   116 |   289 |   441 ||   901
Evoke: Wand              |       |     2 |     9 |    21 ||    32
  Use: Scroll            |     3 |    10 |     5 |    12 ||    30
       Potion            |       |       |     5 |     8 ||    13
 Stab: Distracted        |       |       |       |     3 ||     3
Armor: Scale mail        |    36 |    97 |   111 |       ||   244
       Ring mail         |       |       |   140 |   194 ||   334
Dodge: Dodged            |    32 |    65 |   169 |   180 ||   446
       Repelled          |       |       |       |     2 ||     2
Block: Buckler           |    11 |    45 |   107 |   156 ||   319

Table legend: (Time is in decaauts)
 A = Elapsed time spent in this place.
 B = Non-inter-level travel time spent in this place.
 C = Inter-level travel time spent in this place.
 D = Time resting spent in this place.
 E = Time spent auto-exploring this place.
 F = Levels seen in this place.
 G = Mean time per level.
                   A        B        C        D        E       F      G
               +--------+--------+--------+--------+--------+-----+--------+
         Total |  13567 |  12704 |    863 |   4357 |   5403 |  12 | 1130.6 |
       Dungeon |  13448 |  12593 |    855 |   4357 |   5322 |  11 | 1222.5 |
        Temple |    118 |    110 |      8 |      0 |     81 |   1 |  118.0 |
               +--------+--------+--------+--------+--------+-----+--------+

Top non-repeatable levels by time:
     D:8: 2700 daAuts
     D:3: 1629 daAuts
    D:10: 1491 daAuts
     D:9: 1354 daAuts
     D:4: 1310 daAuts
     D:1: 1035 daAuts
     D:7: 1017 daAuts
    D:11: 879 daAuts
     D:5: 730 daAuts
     D:2: 693 daAuts
     D:6: 605 daAuts
  Temple: 118 daAuts
